 Adventure DCSS version bcrawl-1.19 (webtiles) character file.

Game seed: 17841145509961340245

156 pasperui the Cudgeler (level 5, -8/40 HPs)
             Began as a Sand Dwarf Earth Elementalist on Nov 12, 2019.
             Mangled by Pikel
             ... wielding a +2 whip of electrocution
              (11 damage)
             ... on level 3 of the Dungeon.
             The game lasted 00:14:57 (3852 turns).

pasperui the Cudgeler (SDEE)                        Turns: 3852, Time: 00:14:58

Health: -8/40      AC:  2    Str: 14    XL:     5   Next: 37%
Magic:  9/9        EV: 14    Int: 16    God:
Gold:   136        SH:  0    Dex: 11    Spells: 8/9 levels left
                                        Lives:  0   Deaths: 2

rFire    . . .     SeeInvis .   p - +0 flail
rCold    . . .     Gourm    .   (shield restricted)
rNeg     . . .     Faith    .   q - +0 robe {MR+}
rPois    .         Spirit   .   (no helmet)
rElec    .         Reflect  .   (no cloak)
rCorr    .         Harm     .   (no gloves)
MR       +....                  (no boots)
Stlth    ++........             (no amulet)
HPRegen  0.13/turn              (no ring)
MPRegen  0.11/turn              (no ring)

@: slow
A: small, slowness 1, armour attunement
a: no special abilities


You were on level 3 of the Dungeon.
You were not hungry.

You visited 1 branch of the dungeon, and saw 4 of its levels.

You collected 136 gold pieces.

Inventory:

Hand Weapons
 e - a +0 dagger
 g - a +0 club
 p - a +0 flail (weapon)
 v - a +0 war axe
Missiles
 b - 6 stones (quivered)
 l - 561 sling bullets
 o - 196 arrows
Armour
 c - a +0 robe
 q - a +0 robe of magic resistance (worn)
 s - a +0 ring mail
 t - a +0 scale mail
Wands
 n - a wand of random effects (12)
Scrolls
 a - 2 scrolls of fog {unknown}
 f - 2 scrolls of fear {unknown}
 h - a scroll of immolation {unknown}
 i - 4 scrolls of remove curse {unknown}
 j - 2 scrolls of amnesia {unknown}
 k - 4 scrolls of identify {unknown}
 m - 3 scrolls of enchant weapon {unknown}
 r - 3 scrolls of teleportation {unknown}
 w - a scroll of noise {unknown}
Comestibles
 d - 4 rations {!d}


   Skills:
 - Level 1.0 Fighting
 * Level 5.6 Maces & Flails
 - Level 2.0 Throwing
 - Level 5.1 Armour
 - Level 2.1 Dodging
 - Level 1.5 Stealth
 - Level 2.7 Spellcasting
   Level 0.7 Transmutations
 - Level 3.6 Earth Magic


You had 8 spell levels left.
You knew the following spells:

 Your Spells              Type           Power        Failure   Level  Hunger
a - Sandblast             Erth           ##....       4%          1    #......

Your spell library contained the following spells:

 Spells                   Type           Power        Failure   Level  Hunger
 Passwall                 Tmut/Erth      #.......     12%         2    ##.....
 Magic Dart               Conj           #...         19%         1    #......
 Stone Arrow              Conj/Erth      #.....       26%         3    ###....
 Blink                    Tloc           N/A          28%         2    ##.....
 Call Imp                 Summ           #.....       28%         2    ##.....
 Spider Form              Tmut/Pois      #..          45%         3    ###....
 Conjure Flame            Conj/Fire      #.......     50%         3    ###....
 Mephitic Cloud           Conj/Pois/Air  #.......     50%         3    ###....
 Petrify                  Tmut/Erth      #.......     61%         4    #####..
 Lee's Rapid Deconstruct  Erth           ##........   77%         5    ######.


Dungeon Overview and Level Annotations

Branches:
Dungeon (4/12)
 Temple: D:4-7

Altars:
Ru
Zin

Annotations:
D:3 Pikel


Innate Abilities, Weirdness & Mutations

You are small and have problems with some larger weapons.
You cover ground slowly.
Armour does not affect your spellcasting.


Message History

You sock Pikel!
Pikel is severely wounded.
Pikel hits you with a +2 whip of electrocution.
You are electrocuted!
* * * LOW HITPOINT WARNING * * *
You hit Pikel.
Pikel is severely wounded.
Pikel says, "It's all about the gold, really."
Pikel barely misses you.
You hit Pikel but do no damage.
Pikel is severely wounded.
Pikel hits you with a +2 whip of electrocution.
* * * LOW HITPOINT WARNING * * *
You hit Pikel.
Pikel is almost dead.
Pikel says, "You'll feel the lick of my whip!"
Pikel hits you with a +2 whip of electrocution.
* * * LOW HITPOINT WARNING * * *
You are electrocuted!
You die...

### #[>### ###... #.#
###.##.# ###. #.##
##...##.# ## #..# #..####.#
#..# ###K#####.##### #..##
#...##........##### #...#
#.####.............
#.#.####K###.........#####
##.#.##...@...#####.###
###..#..#.#.##### ##.##
#...........# #...#
#.........### #...#
#........## #...#
#.<......# ##### #........#
#........#
#####........##############


You could see Pikel.

Vanquished Creatures
  Grinder (D:3)
  2 slaves
  A centaur (D:4)
  An orc priest (D:3)
  An orc wizard (D:4)
  A worker ant (D:4)
  An iguana (D:4)
  3 adders (D:3)
  An adder skeleton (D:4)
  3 worms
  2 dart slugs (D:1)
  3 leopard geckos
  7 orcs
  2 ball pythons
  4 bats
  A giant cockroach (D:2)
  4 goblins
  5 hobgoblins
  2 quokkas
  7 kobolds
  7 rats
59 creatures vanquished.

Notes
Turn   | Place    | Note
-------+----------+-------------------------------------------
     0 | D:1      | pasperui the Sand Dwarf Earth Elementalist began the quest
                  | for the Orb.
     0 | D:1      | Reached XP level 1. HP: 14/14 MP: 3/3
   162 | D:1      | Reached XP level 2. HP: 12/20 MP: 2/5
   391 | D:1      | Reached skill level 1 in Fighting
   607 | D:1      | Reached skill level 1 in Maces & Flails
   738 | D:1      | Reached XP level 3. HP: 12/28 MP: 7/7
  1621 | D:2      | Found a faded altar of an unknown god.
  2275 | D:3      | Reached XP level 4. HP: 7/35 MP: 0/8
  2733 | D:3      | Noticed Grinder
  2764 | D:3      | Reached skill level 1 in Armour
  2785 | D:3      | Paralysed by Grinder for 4 turns
  2788 | D:3      | HP: 2/52 [Grinder (4)]
  2805 | D:3      | Killed Grinder
  2805 | D:3      | Reached skill level 5 in Armour
  2805 | D:3      | Reached XP level 5. HP: 6/40 MP: 1/9
  2805 | D:3      | Reached XP level 6. HP: 7/47 MP: 1/10
  3212 | D:3      | Found a glowing silver altar of Zin.
  3212 | D:3      | Found a sacrificial altar of Ru.
  3346 | D:4      | Noticed Pikel
  3346 | D:4      | Noticed a slave
  3346 | D:4      | Noticed a slave
  3346 | D:4      | Noticed a slave
  3347 | D:4      | Noticed a slave
  3355 | D:3      | Killed a slave
  3528 | D:4      | Slain by a slave
  3529 | D:4      | Reached XP level 5. HP: -1/40 MP: 9/9
  3553 | D:4      | Noticed a centaur
  3570 | D:4      | Killed a centaur
  3570 | D:4      | Reached skill level 5 in Maces & Flails
  3570 | D:4      | Reached XP level 6. HP: 16/47 MP: 2/10
  3589 | D:4      | Killed a slave
  3838 | D:3      | HP: 1/47 [Pikel/+2 whip of electrocution (5)]
  3839 | D:3      | Slain by Pikel
  3840 | D:3      | Reached XP level 5. HP: -1/40 MP: 9/9
  3852 | D:3      | Mangled by Pikel

Skill      XL: |  1  2  3  4  5  6 |
---------------+-------------------+-----
Fighting       | 1 |  1.0
Maces & Flails | 1 3 5 |  5.6
Throwing       | 2 |  2.0
Armour         | 5 |  5.1
Dodging        | 2 |  2.1
Stealth        | |  1.5
Spellcasting   | |  2.7
Transmutations | |  0.7
Earth Magic    | |  3.6

Action                   |  1- 3 |  4- 6 || total
-------------------------+-------+-------++-------
Melee: Unarmed           |    28 |       ||    28
       Club              |   104 |       ||   104
       Flail             |       |   143 ||   143
Throw: Stone             |       |    11 ||    11
 Cast: Sandblast         |    23 |    28 ||    51
  Use: Potion            |       |     3 ||     3
 Stab: Sleeping          |     1 |       ||     1
  Eat: Chunk             |     5 |     5 ||    10
Armor: Robe              |    18 |    13 ||    31
       Skin              |       |    17 ||    17
Dodge: Dodged            |    98 |   119 ||   217
